 Dungeon Sprint DCSS version 0.18.1-47-g9310371 (webtiles) character file.

242 rftp080 the Protected (level 6, -5/35 HPs)
             Began as a Gargoyle Gladiator on June 22, 2016.
             Was a Follower of Makhleb.
             Slain by a hill giant
             ... wielding a +0 giant club
              (18 damage)
             ... in the Dungeon (Sprint IX: "|||||||||||||||||||||||||||||").
             The game lasted 00:01:12 (138 turns).

rftp080 the Protected (Gargoyle Gladiator)           Turns: 138, Time: 00:01:13

Health: -5/35      AC: 17    Str: 21    XL:     6   Next: 9%
Magic:  6/6        EV: 13    Int:  9    God:    Makhleb [*.....]
Gold:   0          SH:  0    Dex: 12    Spells: 0 memorised, 5 levels left

rFire  . . .     SeeInvis .     a - +0 quarterstaff
rCold  . . .     Gourm    .     t - +2 ring mail
rNeg   + . .     Faith    .     (shield currently unavailable)
rPois  ∞         Spirit   .     c - +0 helmet
rElec  +         Dismiss  .     (no cloak)
rCorr  .         Reflect  .     s - +0 pair of gloves
SustAt .         Harm     .     r - +0 pair of boots
MR     .....     NoTele   +     (no amulet)
Stlth  +.........               v - +2 ring of evasion
                                u - +3 ring of strength

@: very slightly contaminated, invisible, not resistant to hostile enchantments,
very unstealthy
A: negative energy resistance 1, electricity resistance, unbreathing,
petrification resistance, rot immunity, AC +4
a: Renounce Religion


You were in the Dungeon.
You worshipped Makhleb.
Makhleb was aware of your devotion.
You were not hungry.

You visited 1 branch

Inventory:

Hand Weapons
 a - a +0 quarterstaff (weapon)
 p - a +2 morningstar of crushing
 q - a +4 quarterstaff of speed
Missiles
 d - 3 throwing nets (quivered)
Armour
 b - a +0 leather armour
 c - a +0 helmet (worn)
 r - a +0 pair of boots (worn)
 s - a +0 pair of gloves (worn)
 t - a +2 ring mail (worn)
Magical Staves
 o - an uncursed staff of energy
Jewellery
 u - a +3 ring of strength (left hand)
 v - a +2 ring of evasion (right hand)
Wands
 n - a wand of iceblast (7/15)
Scrolls
 k - 2 scrolls of blinking
 l - 3 scrolls of remove curse
 m - 2 scrolls of amnesia
Potions
 e - 5 potions of curing
 g - 3 potions of heal wounds
 i - 4 potions of magic
Comestibles
 f - a bread ration
 h - 3 chunks of flesh


   Skills:
 - Level 2.1 Fighting
 + Level 9.1 Staves
 - Level 1.7 Throwing
 + Level 9.2 Armour
 - Level 2.4 Dodging


You had 5 spell levels left.
You didn't know any spells.

Dungeon Overview and Level Annotations

Branches:
Dungeon (1/1)

Altars:
Cheibriados
Dithmenos
Elyvilon
Fedhas
Gozag
Kikubaaqudgha
Makhleb
Nemelex Xobeh
Okawaru
Pakellas
Qazlal
Ru
Sif Muna
Trog
Vehumet
Xom
Yredelemnul
Zin
The Shining One
Beogh
Jiyva
Lugonu


Innate Abilities, Weirdness & Mutations

You are resistant to torment.
Your stone body is resilient (AC +4).
You are immune to poison.
You resist negative energy.
You are resistant to electric shocks.
You can survive without breathing.
You are immune to petrification.
You are immune to rotting.


Message History

The hippogriff is almost dead.
You sock the hippogriff!
You kill the hippogriff!
Makhleb accepts your kill.
You can now gain health from killing.
Your Staves skill gained 2 levels and is now at level 9!
Your Armour skill gained 2 levels and is now at level 9!
You have reached level 5!
You have reached level 6!
Your experience leads to an increase in your attributes!
Your base attributes are Str 18, Int 9, Dex 11.
Increase (S)trength, (I)ntelligence, or (D)exterity?
You feel agile.
You sock the hill giant!
The hill giant is moderately wounded.
The hill giant hits you with a giant club!
You barely miss the hill giant.
The hill giant is moderately wounded.
The hill giant hits you with a giant club!!
Ouch! That really hurt!
You die...

▓.▓
▓.▓
▓.▓
▓a▓
▓Z▓
▓W▓
▓C▓
▓@▓
▓.▓
▓.▓
▓.▓
▓.▓
▓)▓
▓.▓
▓.▓
▓.▓


You could see a hill giant, a hungry ghost, a worker ant and a quokka skeleton
(wandering).

Vanquished Creatures
  A hippogriff (D)
  A crimson imp (D)
  3 worker ants (D)
  A bat (D)
  A giant cockroach (D)
  A hobgoblin (D)
  A quokka (D)
  A ball python (D)
  A giant gecko zombie (D)
  A rat (D)
12 creatures vanquished.

Notes
Turn   | Place    | Note
--------------------------------------------------------------
     0 | D        | rftp080 the Gargoyle Gladiator began the quest for the Orb.
     0 | D        | Reached XP level 1. HP: 12/12 MP: 1/1
     7 | D        | Reached skill level 1 in Armour
    24 | D        | Noticed a worker ant
    24 | D        | Noticed a crimson imp
    24 | D        | Noticed a worker ant
    29 | D        | Killed a worker ant
    29 | D        | Reached skill level 5 in Staves
    29 | D        | Reached XP level 2. HP: 17/17 MP: 2/2
    29 | D        | Reached XP level 3. HP: 21/21 MP: 3/3
    36 | D        | Reached skill level 5 in Armour
    36 | D        | Reached XP level 4. HP: 26/26 MP: 4/4
    46 | D        | Found a glowing silver altar of Zin.
    46 | D        | Found a glowing golden altar of the Shining One.
    46 | D        | Found an ancient bone altar of Kikubaaqudgha.
    46 | D        | Found a basalt altar of Yredelemnul.
    46 | D        | Found a shimmering altar of Xom.
    46 | D        | Found a radiant altar of Vehumet.
    47 | D        | Found an iron altar of Okawaru.
    48 | D        | Found a burning altar of Makhleb.
    49 | D        | Found a deep blue altar of Sif Muna.
    50 | D        | Found a bloodstained altar of Trog.
    51 | D        | Found a sparkling altar of Nemelex Xobeh.
    52 | D        | Found a white marble altar of Elyvilon.
    53 | D        | Found a roughly hewn altar of Beogh.
    54 | D        | Found a viscous altar of Jiyva.
    55 | D        | Found a corrupted altar of Lugonu.
    56 | D        | Became a worshipper of Makhleb the Destroyer
    57 | D        | Found a blossoming altar of Fedhas.
    58 | D        | Found a snail-covered altar of Cheibriados.
    59 | D        | Found a shadowy altar of Dithmenos.
    60 | D        | Found a stormy altar of Qazlal.
    61 | D        | Found an opulent altar of Gozag.
    62 | D        | Found a sacrificial altar of Ru.
    63 | D        | Found an oddly glowing altar of Pakellas.
   114 | D        | Noticed a hungry ghost
   114 | D        | Noticed a hill giant
   114 | D        | Noticed a hippogriff
   136 | D        | Killed a hippogriff
   136 | D        | Reached * piety under Makhleb
   136 | D        | Reached XP level 5. HP: 22/30 MP: 5/5
   136 | D        | Reached XP level 6. HP: 26/35 MP: 6/6
   138 | D        | Slain by a hill giant

Skill      XL: |  1  2  3  4 |
---------------+-------------+-----
Armour         | 4 5 9 |  9.2
Staves         | 5 6 9 |  9.1
Fighting       | |  2.1
Throwing       | |  1.7
Dodging        | |  2.4

Action                   |  1- 3 |  4- 6 || total
-------------------------+-------+-------++-------
Melee: Quarterstaff      |    22 |    26 ||    48
  Use: Potion            |     2 |     1 ||     3
 Stab: Invisible         |       |     4 ||     4
Armor: Leather armour    |     4 |       ||     4
       Ring mail         |       |    12 ||    12
Dodge: Dodged            |    17 |    22 ||    39
